 Dungeon Crawl Stone Soup version 0.24.0-123-gd5b16e6ec5 (webtiles) character file.

Game seed: 8730542018901051941, levelgen mode: deterministic

87 AuftragZ the Conjurer (level 4, -1/24 HPs)
             Began as a Deep Elf Conjurer on Jan 24, 2020.
             Slain by a gnoll
             ... wielding a +2 halberd of protection
              (2 damage)
             ... on level 2 of the Dungeon.
             The game lasted 00:06:04 (1684 turns).

AuftragZ the Conjurer (Deep Elf Conjurer)           Turns: 1684, Time: 00:06:05

Health: -1/24      AC:  2    Str:  6    XL:     4   Next: 28%
Magic:  1/12       EV: 15    Int: 20    God:
Gold:   73         SH:  0    Dex: 15    Spells: 8/11 levels left

rFire    . . .     SeeInvis .   b - +0 club
rCold    . . .     Gourm    .   (no shield)
rNeg     . . .     Faith    .   a - +0 robe
rPois    .         Spirit   .   (no helmet)
rElec    .         Reflect  .   (no cloak)
rCorr    .         Harm     .   (no gloves)
MR       .....                  (no boots)
Stlth    ++........             (no amulet)
HPRegen  0.08/turn              e - +2 ring of evasion
MPRegen  0.13/turn              (no ring)

@: no status effects
A: no striking features
a: no special abilities


You were on level 2 of the Dungeon.
You were not hungry.

You visited 1 branch of the dungeon, and saw 2 of its levels.

You collected 73 gold pieces.

Inventory:

Hand Weapons
 b - a +0 club (weapon)
Missiles
 d - 2 poisoned darts (quivered)
Armour
 a - a +0 robe (worn)
Jewellery
 e - a +2 ring of evasion (left hand)
Comestibles
 c - 4 rations


   Skills:
 - Level 2.5 Dodging
 - Level 2.4 Stealth
 * Level 4.4 Spellcasting
 + Level 5.7 Conjurations


You had 8 spell levels left.
You knew the following spells:

 Your Spells              Type           Power        Failure   Level  Hunger
a - Magic Dart            Conj           ####         1%          1    None
b - Searing Ray           Conj           ####..       1%          2    #......

Your spell library contained the following spells:

 Spells                   Type           Power        Failure   Level  Hunger
 Dazzling Spray           Conj/Hex       ###...       12%         3    ###....
 Iskenderun's Mystic Bla  Conj           ####....     12%         4    ####...
 Force Lance              Conj/Tloc      ###.....     36%         4    ####...
 Fulminant Prism          Conj/Hex       ###.......   36%         4    ####...


Dungeon Overview and Level Annotations

Branches:
Dungeon (2/15)

Altars:


Message History

Confirm with . or Enter, or press ? or * to list all spells.
Aiming: Magic Dart (safe; 1% risk of failure)
Press: ? - help, Shift-Dir - straight line, f/p - phantom
Aim: a phantom (almost destroyed)
The magic dart hits the gnoll.
The gnoll is moderately wounded.
The gnoll closely misses you.
Throwing (i - inventory)
d - 3 poisoned darts (quivered)
Press: ? - help, Shift-Dir - straight line, f/p - phantom
Aim: a phantom (almost destroyed)
You throw a poisoned dart.
The poisoned dart barely misses the gnoll.
The poisoned dart hits the phantom.
The phantom is almost destroyed.
The phantom blinks!
The gnoll hits you from afar with a +2 halberd of protection!
Ouch! That really hurt!
* * * LOW HITPOINT WARNING * * *
The gnoll hits you from afar with a +2 halberd of protection.
You die...

.. .# .. .## ..#
#.# ###(# ###g(.##
###((.#@.#
#(..####.##
#...#(# #..#
..##.##g(..##.##
..#..#(.⌠..#..#
#.##.##..(.##.##.#
†.#.. ..###.....#
#
#.##.####...#####
. #).#..#...###


You could see a gnoll.

Vanquished Creatures
  A centaur skeleton (D:2)
  Terence (D:2)
  2 dart slugs (D:1)
  A leopard gecko (D:2)
  5 bats
  2 goblins
  4 hobgoblins (D:1)
  3 jackals (D:1)
  2 frilled lizards (D:1)
  5 kobolds
  2 rats
28 creatures vanquished.

Notes
Turn   | Place    | Note
-------+----------+-------------------------------------------
     0 | D:1      | AuftragZ the Deep Elf Conjurer began the quest for the Orb.
     0 | D:1      | Reached XP level 1. HP: 10/10 MP: 6/6
   520 | D:1      | Reached XP level 2. HP: 15/15 MP: 4/8
   675 | D:1      | Reached skill level 5 in Conjurations
  1270 | D:2      | Learned a level 2 spell: Searing Ray
  1272 | D:2      | Reached XP level 3. HP: 19/19 MP: 6/10
  1499 | D:2      | Noticed Terence
  1509 | D:2      | Killed Terence
  1509 | D:2      | Reached XP level 4. HP: 19/24 MP: 0/12
  1618 | D:2      | Noticed a phantom
  1682 | D:2      | HP: 1/24 [gnoll/+2 halberd of protection (13)]
  1684 | D:2      | Slain by a gnoll

Levels and vault maps discovered:
D:1:      minmay_arrival_jagged, layout_loops_corners, serial_rivers,
          chequers_serial_rivers_large_a, chequers_serial_rivers_micro_c,
          chequers_serial_rivers_small_3, chequers_serial_rivers_micro_a
D:2:      minmay_skewed_foursquare, layout_rooms, kennysheep_cross_room,
          uniq_terence, uniq_sigmund

Skill      XL: |  1  2  3 |
---------------+----------+-----
Conjurations   | 5 |  5.7
Spellcasting   | 4 |  4.4
Dodging        | |  2.5
Stealth        | |  2.4

Action                   |  1- 3 |  4- 6 || total
-------------------------+-------+-------++-------
Melee: Club              |     3 |       ||     3
Throw: Dart              |       |    14 ||    14
 Cast: Magic Dart        |    48 |     9 ||    57
       Searing Ray       |     3 |     3 ||     6
  Use: Scroll            |     1 |       ||     1
       Potion            |     1 |       ||     1
  Eat: Chunk             |     2 |       ||     2
Armor: Robe              |       |     1 ||     1
Dodge: Dodged            |    12 |     9 ||    21
